 Dungeon Crawl Stone Soup version 0.31-a0-626-g8143ab4f1d (webtiles) character file.

Game seed: 876241904105214460

335 javelincjr the Changeling (level 6, -7/59 HPs)
             Began as a Troll Shapeshifter on Aug 24, 2023.
             Engulfed by a cloud of flame (13 damage)
             ... on level 3 of the Dungeon.
             The game lasted 00:07:17 (2119 turns).

javelincjr the Changeling (Troll Shapeshifter)      Turns: 2119, Time: 00:07:18

Health: -7/59      AC:  4    Str: 26    XL:     6   Next: 28%
Magic:  5/5        EV: 10    Int:  4    God:
Gold:   201        SH:  0    Dex: 10    Spells: 5/5 levels left

rFire   . . .        e - +1 whip (elec)
rCold   . . .        (no shield)
rNeg    . . .        a - +0 animal skin
rPois   .            (helmet currently unavailable)
rElec   .            (cloak currently unavailable)
rCorr   .            (gloves unavailable)
SInv    .            (boots unavailable)
Will    .....        (no amulet)
Stlth   +            m - ring of wizardry
HPRegen 1.09/turn    (no ring)
MPRegen 0.09/turn

%: wizardry (x1)
@: beast-form
A: beast (slay +2), large, unfitting armour, claws 3, regeneration 1, shaggy fur
1, tough skin 1
a: Begin Untransformation


You were on level 3 of the Dungeon.
You were a hulking beast.
You visited 1 branch of the dungeon, and saw 3 of its levels.

You collected 201 gold pieces.

Inventory:

Hand Weapons
 e - a +1 whip of electrocution (weapon)
Missiles
 i - 2 throwing nets
Armour
 a - a +0 animal skin (worn)
Jewellery
 m - a ring of wizardry (left claw)
Talismans
 c - a beast talisman (active)
 d - a flux talisman
Wands
 p - a wand of digging (2)
Scrolls
 h - a scroll of enchant armour {unknown}
 j - 2 scrolls of identify {unknown}
 k - 2 scrolls of teleportation {unknown}
 l - a scroll of vulnerability {unknown}
 n - a scroll of silence {unknown}
 r - 3 scrolls of acquirement {unknown}
Potions
 b - a potion of lignification
 f - 2 potions of might {unknown}
 g - a potion of magic {unknown}
 o - a potion of curing {unknown}
 q - a potion of enlightenment {unknown}


   Skills:
 + Level 2.4 Fighting
 + Level 2.8 Dodging
 + Level 4.1 Unarmed Combat
 * Level 4.6 Shapeshifting


You had 5 spell levels left.
You didn't know any spells.
Your spell library contained the following spells:

 Spells                   Type           Power      Damage    Failure   Level
 Volatile Blastmotes      Fire/Tloc      0%         2d10      52%         3
 Fulminant Prism          Conj/Hex       0%         3d5       89%         4
 Iskenderun's Mystic Bla  Conj/Tloc      0%         2d3       89%         4


Dungeon Overview and Level Annotations

Branches:
Dungeon (3/15)

Altars:
Vehumet


Innate Abilities, Weirdness & Mutations

You are a hulking beast.
Your limbs bulge with bestial killing power. (Slay +2)
You are too large for most types of armour.
You have claws for hands.
Your natural rate of healing is unusually fast.
You are covered in fur. (AC +1)
You have tough skin. (AC +1)


Message History

The centaur kicks you but does no damage.
The centaur barely misses you. The centaur kicks you.
You hit the centaur. Lightning courses through the centaur!!
You kill the centaur!
You have reached level 6!
You feel stronger.
Things that are here:
a +0 orcbow; a centaur corpse You start resting.
HP restored.
You now have 180 gold pieces (gained 15).
n - a scroll labelled VUMEAT ZOURPH
Things that are here:
a +0 orcbow; a centaur corpse You see here a +0 plate armour.
q - a viscous silvery potion An orc comes into view.
It is wielding a +0 club.
Found 3 scrolls labelled FAEBOY VUONT.
The orc shouts!
The orc loudly roars encouragement to no one in particular.
The orc is engulfed in blazing flames.
The orc dies!
Found a scroll labelled SIPAV AM EGGIO.
You are engulfed in blazing flames.
You are engulfed in blazing flames.
You are engulfed in blazing flames.
* * * LOW HITPOINT WARNING * * *
Things that are here:
a +0 club; an orc corpse You now have 191 gold pieces (gained 11).
You now have 201 gold pieces (gained 10).
r - 3 scrolls labelled FAEBOY VUONT
k - 2 scrolls labelled SIPAV AM EGGIO (gained 1)
You start resting.
HP restored.
You are engulfed in blazing flames.
You are engulfed in blazing flames.
You are engulfed in blazing flames.
* * * LOW HITPOINT WARNING * * *
You are engulfed in blazing flames.
You die...

#.§○# ##.#.# #.
######...######.#.#
###.
##.§☼°.....°§..#.#..
....
#..☼○§.....☼°§...####
#. #..§§○.....§○○.###
##. #.#####...######
#.. #§§°# #.. #§§§#
#.. #☼h○# #.. ###...#
#.. #.#.### #### #..
..#.# .....#.. #.#.#
#..#.. #.#.# ##....
#.#.## #..#(.
#....###### #.#....
#.<........ #...###


There were no monsters in sight!

Vanquished Creatures
  A centaur (D:3)
  A jelly (D:3)
  A hound (D:3)
  An orc priest (D:3)
  8 gnolls (D:2)
  An adder (D:2)
  A worm (D:2)
  A dart slug (D:3)
  6 orcs (D:3)
  5 ball pythons
  6 endoplasms
  4 giant cockroaches
  3 hobgoblins
  4 jackals (D:1)
  3 quokkas (D:1)
  5 bats
  2 frilled lizards
  6 goblins
  5 kobolds
  6 rats
70 creatures vanquished.

Vanquished Creatures (others)
  An orc (D:3)
1 creature vanquished.

Grand Total: 71 creatures vanquished

Notes
Turn   | Place    | Note
-------+----------+-------------------------------------------
     0 | D:1      | javelincjr the Troll Shapeshifter began the quest for the
                  | Orb.
     0 | D:1      | Reached XP level 1. HP: 18/18 MP: 0/0
   208 | D:1      | Reached skill level 1 in Fighting
   215 | D:1      | Reached XP level 2. HP: 27/27 MP: 1/1
   402 | D:1      | Reached XP level 3. HP: 28/33 MP: 2/2
   825 | D:2      | Reached XP level 4. HP: 13/41 MP: 3/3
  1130 | D:2      | Found a faded altar of an unknown god.
  1456 | D:3      | Reached XP level 5. HP: 47/49 MP: 4/4
  1518 | D:3      | Found a radiant altar of Vehumet.
  1735 | D:3      | Noticed a centaur
  1838 | D:3      | Killed a centaur
  1839 | D:3      | Reached XP level 6. HP: 29/59 MP: 5/5
  2119 | D:3      | Engulfed by a cloud of flame

Illustrated notes

Levels and vault maps discovered:
D:1:      dpeg_arrival_water_fire, layout_basic
D:2:      layout_loops_cross, dreamdust_ecumenical_altar_grove
D:3:      layout_loops_ring, nicolae_overflow_crystal_walls, minivault_23,
          supply_closet_lemuel, lemuel_flame_loot_1

Skill      XL: |  1  2  3  4  5 |
---------------+----------------+-----
Fighting       | 1 2 |  2.4
Dodging        | 2 |  2.8
Shapeshifting  | 4 |  4.6
Unarmed Combat | 4 |  4.1

Action                     |  1- 3 |  4- 6 || total
---------------------------+-------+-------++-------
  Melee: Unarmed           |    34 |       ||    34
         Whip              |    51 |    93 ||   144
         Punch             |     1 |     4 ||     5
 Armour: Animal skin       |    40 |    33 ||    73
  Dodge: Dodged            |    47 |    59 ||   106

Table legend: (Time is in decaauts)
 A = Elapsed time spent in this place.
 B = Non-inter-level travel time spent in this place.
 C = Inter-level travel time spent in this place.
 D = Time resting spent in this place.
 E = Time spent auto-exploring this place.
 F = Levels seen in this place.
 G = Mean time per level.
                   A        B        C        D        E       F      G
               +--------+--------+--------+--------+--------+-----+--------+
         Total |   2129 |   2059 |     70 |     89 |   1518 |   3 |  709.7 |
       Dungeon |   2129 |   2059 |     70 |     89 |   1518 |   3 |  709.7 |
               +--------+--------+--------+--------+--------+-----+--------+

Top non-repeatable levels by time:
     D:1: 753 daAuts
     D:3: 737 daAuts
     D:2: 638 daAuts
